 Dungeon Crawl Stone Soup version 0.31.0-11-ge490571c62 (webtiles) character file.

Game seed: 6243392943295704797

66 qw the Shooter (level 3, -2/18 HPs)
             Began as a Spriggan Hunter on Feb 3, 2024.
             Slain by an orc
             ... wielding a +0 mace
              (7 damage)
             ... on level 3 of the Dungeon.
             The game lasted 00:00:04 (1263 turns).

qw the Shooter (Spriggan Hunter)                    Turns: 1263, Time: 00:00:05

Health: -2/18      AC:  2    Str: 11    XL:     3   Next: 96%
Magic:  4/4        EV: 19    Int:  9    God:
Gold:   96         SH:  0    Dex: 19    Spells: 2/2 levels left

rFire   . . .        a - +0 shortbow (freeze)
rCold   . . .        (shield currently unavailable)
rNeg    . . .        c - +0 robe
rPois   .            (helmet restricted)
rElec   .            (no cloak)
rCorr   .            (gloves unavailable)
SInv    +            (boots unavailable)
Will    .....        (no amulet)
Stlth   ++           (no ring)
HPRegen 0.23/turn    (no ring)
MPRegen 0.09/turn

%: no passive effects
@: very quick
A: very small, no large weapons, unfitting armour, see invisible, speed 3,
strong 1
a: no special abilities


You were on level 3 of the Dungeon.
You visited 1 branch of the dungeon, and saw 3 of its levels.

You collected 96 gold pieces.


Innate Abilities, Weirdness & Mutations

You are very small and have problems with some larger weapons.
You are too small for most types of armour.
You have supernaturally acute eyesight. (SInv)
You cover ground extremely quickly. (Speed+++)
Your muscles are strong. (Str +4, Int/Dex -1)


   Skills:
 - Level 1.5 Fighting
 - Level 5.0 Ranged Weapons
 + Level 4.2 Dodging
 - Level 1.5 Stealth


You had 2 spell levels left.
You didn't know any spells.
Your spell library was empty.

Inventory:

Hand Weapons
 a - a +0 shortbow of freezing (weapon)
Armour
 c - a +0 robe (worn)
Potions
 b - a potion of mutation
 d - 2 potions of cancellation {unknown}

Dungeon Overview and Level Annotations

Branches:
Dungeon (3/15)

Altars:
Fedhas


Message History

You shoot an arrow. The arrow hits the ribbon worm.
The arrow freezes the ribbon worm.
The ribbon worm is almost dead.
You shoot an arrow.
The arrow hits the ribbon worm but does no damage.
The ribbon worm is almost dead.
The ribbon worm expels a string of sticky webbing.
The stream of webbing hits you but does no damage.
You are caught in a web!
The web tears apart.
You shoot an arrow. The arrow hits the ribbon worm.
The arrow freezes the ribbon worm.
You kill the ribbon worm!
Found 2 throwing nets.
You see here 2 throwing nets.
An orc comes into view. It is wielding a +0 flail.
The orc shouts!
An orc comes into view. It is wielding a +0 flail.
You shoot an arrow. The arrow hits the orc.
The arrow freezes the orc.
The orc is moderately wounded.
You shoot an arrow. The arrow hits the orc.
The arrow freezes the orc.
The orc is almost dead.
You hear a shout!
An orc comes into view. It is wielding a +0 mace.
You shoot an arrow. The arrow hits the orc!
The arrow freezes the orc.
You kill the orc!
You shoot an arrow. The arrow barely misses the orc.
The arrow hits the orc.
The arrow freezes the orc.
The orc is almost dead.
The orc hits you with a +0 flail!
Ouch! That really hurt!
You shoot an arrow. The arrow barely misses the orc.
The arrow closely misses the orc.
The orc closely misses you.
You shoot an arrow.
The arrow hits the orc but does no damage.
You shoot an arrow. The arrow completely misses the orc.
The orc closely misses you. The orc hits you with a +0 flail.
The orc hits you with a +0 mace!
You die...

### #.. #.#
######
#.#####.#.#
.....#
#.#@o.....#
####.#
#.#o###.#.#
##.## #.#.#
#.).#
#.#.###.#
#.#.#
#.......#
#...#
###.#####
###.#
####.# #.#
#....# ###
#.# #.####


You could see 2 orcs.

Vanquished Creatures
  An adder (D:2)
  2 adder skeletons (D:2)
  An adder zombie (D:2)
  A ribbon worm (D:3)
  2 dart slugs (D:1)
  An orc (D:3)
  3 endoplasms
  2 giant cockroaches
  A goblin (D:1)
  5 hobgoblins
  4 jackals (D:1)
  4 kobolds
  4 ball pythons
  2 ball python skeletons (D:2)
  2 ball python zombies (D:2)
  A bat (D:2)
  2 frilled lizards
  A rat (D:1)
39 creatures vanquished.

Notes
Turn   | Place    | Note
-------+----------+-------------------------------------------
     0 | D:1      | qw the Spriggan Hunter began the quest for the Orb.
     0 | D:1      | Reached XP level 1. HP: 10/10 MP: 2/2
     0 | D:1      | 0 ||| qw: Version: 0.3-a-157-g843a77d
     0 | D:1      | 0 ||| qw: Game counter: 3608
     0 | D:1      | 0 ||| qw: Melee chars always use a shield: true
     0 | D:1      | 0 ||| qw: God list: Okawaru
     0 | D:1      | 0 ||| qw: Allow faded altars: false
     0 | D:1      | 0 ||| qw: Do Orc after clearing Dungeon:15 true
     0 | D:1      | 0 ||| qw: Do second Lair branch before Depths: true
     0 | D:1      | 0 ||| qw: Lair rune preference: random
     0 | D:1      | 0 ||| qw: Goals: Normal
     0 | D:1      | 0 ||| PLANNING D:1-11
   123 | D:1      | Reached skill level 3 in Dodging
   273 | D:1      | Reached XP level 2. HP: 14/14 MP: 3/3
   665 | D:1      | 665 ||| READING scroll labelled ZEFIUBAIKOGH.
   665 | D:1      | 665 ||| BRANDING +0 shortbow.
   666 | D:1      | 666 ||| READING scroll labelled PAKLOKY PUFEYMI.
   667 | D:1      | 667 ||| READING scroll labelled GAENIR OTOAN.
   668 | D:1      | 668 ||| READING scroll labelled RACUQOO TADWACK.
   668 | D:1      | 668 ||| ENCHANTING +0 shortbow of electrocution.
   669 | D:1      | 669 ||| READING scroll labelled EHEEFO TILOQOFAMM.
   670 | D:1      | 670 ||| READING scroll labelled IPEVEU QOUZAUG.
   670 | D:1      | 670 ||| IDENTIFYING sedimented yellow potion
   671 | D:1      | 671 ||| READING scroll labelled DISCHU WOUF KUWI.
   672 | D:1      | 672 ||| DROPPING scroll of butterflies.
   673 | D:1      | 673 ||| DROPPING potion of attraction.
   702 | D:2      | 702 ||| READING scroll of brand weapon.
   702 | D:2      | 702 ||| BRANDING +0 shortbow of electrocution.
   715 | D:2      | Reached XP level 3. HP: 18/18 MP: 4/4
  1075 | D:2      | Reached skill level 5 in Ranged Weapons
  1143 | D:2      | 1143 ||| DRINKING 2 inky potions.
  1143 | D:2      | Gained mutation: Your muscles are strong. (Str +4, Int/Dex
                  | -1) [potion of mutation]
  1156 | D:3      | Found a blossoming altar of Fedhas.
  1263 | D:3      | Slain by an orc

Levels and vault maps discovered:
D:1:      lordsloth_arrival_two_stooges, layout_basic, minmay_pentomino_s2
D:2:      layout_basic, serial_undead, serial_undead_a, serial_undead_b,
          serial_undead_c, serial_undead_a, minmay_bisected
D:3:      layout_loops_corners, lemuel_tele_altar, fedhas_altar_1

Skill      XL: |  1  2  3 |
---------------+----------+-----
Dodging        | 3 4 |  4.2
Ranged Weapons | 5 |  5.0
Fighting       | |  1.5
Stealth        | |  1.5

Action                     || total
---------------------------++-------
   Fire: Shortbow          ||   108
    Use: Scroll            ||     8
         Potion            ||     1
 Armour: Robe              ||    18
  Dodge: Dodged            ||    63

Table legend:
 A = Non-vault XP
 B = Vault XP
 C = Vault XP percentage of total XP
 D = Non-vault monster count
 E = Vault monster count
 F = Vault count percentage of total count
                 A         B        C        D         E       F
            +---------+---------+-------+---------+---------+-------
      Total |      54 |      41 |  43.2 |      27 |      12 |  30.8
            +---------+---------+-------+---------+---------+-------
        D:1 |      31 |       6 |  16.2 |      16 |       2 |  11.1
        D:2 |      11 |      35 |  76.1 |       7 |      10 |  58.8
        D:3 |      12 |       0 |   0.0 |       4 |       0 |   0.0
            +---------+---------+-------+---------+---------+-------
